 Dungeon Crawl Stone Soup version 0.31-a0-1469-gd420192249 (webtiles) character file.

Game seed: 12832354452419351677

16 jasper the Changeling (level 2, -3/18 HPs)
             Began as an Octopode Shapeshifter on Dec 28, 2023.
             Slain by a hobgoblin
             ... wielding a +0 mace
              (9 damage)
             ... on level 1 of the Dungeon.
             The game lasted 00:00:34 (302 turns).

jasper the Changeling (Octopode Shapeshifter)        Turns: 302, Time: 00:00:35

Health: -3/18      AC:  1    Str: 13    XL:     2   Next: 58%
Magic:  2/2        EV: 13    Int: 12    God:
Gold:   2          SH:  0    Dex: 11    Spells: 1/1 levels left

rFire   . .          .
                       - Unarmed
rCold   . . .        (no shield)
rNeg    . . .        (helmet currently unavailable)
rPois   .            (no amulet)
rElec   .            (no ring)
rCorr   .            (no ring)
SInv    .            (no ring)
Will    .....        (no ring)
Stlth   ++           (no ring)
HPRegen 0.23/turn    (no ring)
MPRegen 0.08/turn    (no ring)
                     (no ring)

%: no passive effects
@: beast-form
A: beast (slay +2), almost no armour, amphibious, 8 rings, camouflage 1,
gelatinous body 1, (nimble swimmer 1), tentacles
a: Begin Untransformation


You were on level 1 of the Dungeon.
You were a hulking beast.
You visited 1 branch of the dungeon, and saw 1 of its levels.

You collected 2 gold pieces.

Inventory:

Talismans
 b - a beast talisman
 c - a flux talisman
Scrolls
 d - a scroll of vulnerability {unknown}
Potions
 a - a potion of lignification


   Skills:
 - Level 1.0 Fighting
 - Level 2.0 Dodging
 - Level 3.0 Unarmed Combat
 + Level 3.7 Shapeshifting


You had one spell level left.
You didn't know any spells.
Your spell library was empty.

Dungeon Overview and Level Annotations

Branches:
Dungeon (1/15)

Altars:


Innate Abilities, Weirdness & Mutations

You are a hulking beast.
Your limbs bulge with bestial killing power. (Slay +2)
You cannot wear most types of armour.
You are amphibious.
You can wear up to eight rings at the same time.
Your skin changes colour to match your surroundings (Stealth+).
Your rubbery body absorbs attacks. (AC +1, EV +1)
((You are camouflaged when in or above water. (Stealth+)))
You have tentacles for arms and can constrict up to eight enemies at once.


Message History

You take 1 damage, and have 17/18 hp.
You bludgeon the rat!
You kill the rat!
The hobgoblin misses you.
You closely miss the hobgoblin. You grab the hobgoblin.
You constrict the hobgoblin. The hobgoblin barely misses you.
Health restored: 18 You barely miss the hobgoblin.
You squeeze the hobgoblin.
The hobgoblin is heavily wounded.
You constrict the hobgoblin. The hobgoblin barely misses you.
You tentacle-slap the hobgoblin.
You kill the hobgoblin!
You open the door.
There is an open door here.
An endoplasm comes into view.
An endoplasm is nearby!
An endoplasm is nearby!
The endoplasm quivers.
You tentacle-slap the endoplasm. You squeeze the endoplasm.
The endoplasm is almost dead.
The endoplasm hits you.
You take 1 damage, and have 17/18 hp.
You tentacle-slap the endoplasm.
You kill the endoplasm!
Health restored: 18 A hobgoblin comes into view.
It is wielding a +0 mace.
A hobgoblin is nearby!
A hobgoblin is nearby!
The hobgoblin shouts!
The hobgoblin hits you with a +0 mace!
You take 7 damage, and have 11/18 hp.
MASSIVE DAMAGE!!
You closely miss the hobgoblin. You grab the hobgoblin.
You constrict the hobgoblin. The hobgoblin hits you with a +0 mace.
You take 5 damage, and have 6/18 hp.
MASSIVE DAMAGE!!
You tentacle-slap the hobgoblin but do no damage.
You tentacle-slap the hobgoblin.
The hobgoblin is severely wounded.
You constrict the hobgoblin. The hobgoblin hits you with a +0 mace!
Ouch! That really hurt!
You die...

....# ....# ....#
†...#
....###.##########
##....#.#......#.##
####.#.#.####.#..
#.#.#.#..#.#g#
#.#.#.#.##.#h#
#####.#.#.#....#.#
...##.#.#.######.#
...##.#'#........#
...##......(.#####
...##..>†....#
#####........#
#......### #.#....#


You could see a hobgoblin.

Vanquished Creatures
  3 ball pythons (D:1)
  An endoplasm (D:1)
  3 goblins (D:1)
  3 hobgoblins (D:1)
  A kobold (D:1)
  A frilled lizard (D:1)
  A rat (D:1)
13 creatures vanquished.

Notes
Turn   | Place    | Note
-------+----------+-------------------------------------------
     0 | D:1      | jasper the Octopode Shapeshifter began the quest for the
                  | Orb.
     0 | D:1      | Reached XP level 1. HP: 13/13 MP: 1/1
    46 | D:1      | Reached XP level 2. HP: 12/18 MP: 2/2
    86 | D:1      | Found a faded altar of an unknown god.
   302 | D:1      | Slain by a hobgoblin

Illustrated notes

Levels and vault maps discovered:
D:1:      wander_arrival_fairy_ring, layout_basic,
          shapermc_ecumenical_altar_ellora

Action                     || total
---------------------------++-------
  Melee: Unarmed           ||    25
         Tentacles         ||     7
         Constrict         ||     6
         Punch             ||     1
   Stab: Sleeping          ||     1
 Armour: Skin              ||     9
  Dodge: Dodged            ||    15

Table legend: (Time is in decaauts)
 A = Elapsed time spent in this place.
 B = Non-inter-level travel time spent in this place.
 C = Inter-level travel time spent in this place.
 D = Time resting spent in this place.
 E = Time spent auto-exploring this place.
 F = Levels seen in this place.
 G = Mean time per level.
                   A        B        C        D        E       F      G
               +--------+--------+--------+--------+--------+-----+--------+
         Total |    300 |    300 |      0 |      0 |    214 |   1 |  300.0 |
       Dungeon |    300 |    300 |      0 |      0 |    214 |   1 |  300.0 |
               +--------+--------+--------+--------+--------+-----+--------+

Top non-repeatable levels by time:
     D:1: 300 daAuts
